 Dungeon Sprint DCSS version 0.21-a0-414-gba8bdf1 (webtiles) character file.

29517 Kidiri the Warrior (level 13, -9/126 HPs)
             Began as a Pale Draconian Transmuter on Nov 2, 2017.
             Was the Champion of Wu Jian.
             Mangled by a two-headed ogre
             ... wielding a +0 giant spiked club
              (16 damage)
             ... in the Dungeon (Sprint VII: "The Pits").
             The game lasted 00:21:27 (4291 turns).

Kidiri the Warrior (Pale Draconian Transmuter)      Turns: 4291, Time: 00:21:28

Health: -9/126     AC:  9    Str: 15    XL:     13   Next: 15%
Magic:  26/30      EV: 24    Int: 16    God:    Wu Jian [******]
Gold:   34         SH:  0    Dex: 15    Spells: 23/38 levels left

rFire    . . .     SeeInvis .     - Unarmed
rCold    . . .     Gourm    .   (shield currently unavailable)
rNeg     . . .     Faith    .   (armour unavailable)
rPois    .         Spirit   .   (helmet restricted)
rElec    +         Reflect  .   w - +0 cloak
rCorr    .         Harm     .   (gloves currently unavailable)
MR       .....     NoTele   +   (no boots)
Stlth    ++........             (no amulet)
HPRegen  0.31/turn              r - +3 ring of intelligence
MPRegen  0.22/turn              s - +3 ring of evasion

@: blade hands, glowing, serpent's lash, heavenly storm
A: breathe steam, unfitting armour, talons 1, electricity resistance, no potion
heal 1, cold-blooded, AC +8
a: Breathe Steam, End Transformation, Serpent's Lash, Heavenly Storm, Renounce
Religion


You were in the Dungeon.
You worshipped Wu Jian.
Wu Jian was exalted by your worship.
You were not hungry.
You had blades for hands.
You visited 1 branch You collected 34 gold pieces.

Inventory:

Missiles
 a - 38 arrows
 o - 12 stones (quivered)
Armour
 v - a +0 pair of gloves (melded)
 w - a +0 cloak (worn)
Jewellery
 r - a +3 ring of intelligence (left scythe-like blade)
 s - a +3 ring of evasion (right scythe-like blade)
 B - an uncursed ring of poison resistance
 C - an uncursed ring of protection from magic
 I - a +2 ring of slaying
Scrolls
 i - 2 scrolls of blinking
 j - 3 scrolls of remove curse
 k - 7 scrolls of amnesia
 l - a scroll of summoning
 u - 2 scrolls of fog
 x - 5 scrolls of enchant weapon
 y - a scroll of identify
 z - 2 scrolls of enchant armour
Potions
 d - 3 potions of invisibility
 e - 4 potions of heal wounds
 f - 5 potions of haste
 g - 4 potions of magic
 h - 2 potions of berserk rage
 p - 2 potions of curing
 t - 5 potions of agility
 A - 3 potions of might
Comestibles
 b - 8 chunks of flesh
 c - 10 bread rations
 m - 29 fruits
 n - 11 meat rations


   Skills:
 * Level 15.1 Fighting
 * Level 13.1 Dodging
 + Level 10.2 Stealth
 * Level 14.2 Unarmed Combat
 * Level 13.1 Spellcasting
 * Level 14.1 Transmutations
 + Level 9.4 Ice Magic
 + Level 9.5 Poison Magic


You had 23 spell levels left.
You knew the following spells:

 Your Spells              Type           Power        Failure   Level  Hunger
a - Beastly Appendage     Tmut           ######       4%          1    None
b - Sticks to Snakes      Tmut           ######..     4%          2    None
c - Spider Form           Tmut/Pois      #####.....   8%          3    None
d - Ice Form              Ice/Tmut       #####...     12%         4    ##.....
e - Blade Hands           Tmut           ######....   12%         5    ####...


Dungeon Overview and Level Annotations

Branches:
Dungeon (1/1)

Altars:
Ashenzari
Cheibriados
Dithmenos
Elyvilon
Fedhas
Gozag
Hepliaklqana
Kikubaaqudgha
Makhleb
Nemelex Xobeh
Okawaru
Qazlal
Ru
Sif Muna
Trog
Uskayaw
Vehumet
Wu Jian
Xom
Yredelemnul
Zin
The Shining One
Beogh
Jiyva
Lugonu

Annotations:
D exclusions: 11 doors and 9 more exclusions


Innate Abilities, Weirdness & Mutations

You can breathe blasts of scalding, opaque steam.
Your pale cyan-grey scales are hard. (AC +8)
You cannot fit into any form of body armour.
You are cold-blooded and may be slowed by cold attacks.
You have sharp toenails.
You are resistant to electric shocks. (rElec)
Potions are less effective at restoring your health.


Message History

The skeletal warrior hits you with a long sword!!
* * * LOW HITPOINT WARNING * * *
Things that are here:
a giant club x2; a two-headed ogre skeleton Unknown command.
Your muscles tense, ready for explosive movement...
You spin and attack the skeletal warrior with incredible momentum.
You shred the skeletal warrior!!!!
You destroy the skeletal warrior!
The Council accepts your kill.
Zoom!
You see here a short sword.
Unknown command.
Unknown command.
Unknown command.
Unknown command.
The two-headed ogre hits you with a giant spiked club!
* * * LOW HITPOINT WARNING * * *
The two-headed ogre hits you with a giant club!
You die...

#....................
#..################.. #..## #.#
#.. #..#.# #.# #.. #..##:#4# #..
#..#§#§# #.. #§§##§#.# #..
#§§#O##############..
#############§§§@§§§.............
#_________.##§§§§§§§.............
#_________.###########''#########
#_______...###########''#########
##########+##................##..
#.?|.+)))+.##......#..#......##..
##########.##................''..
#.).....)...+................''..
#+#####+#####......#..#......##..


You could see a two-headed ogre.

Vanquished Creatures
  A death cob (D)
  A storm dragon (D)
  A nagaraja (D)
  2 vampire knights (D)
  Nessos (D)
  A lorocyproca (D)
  A vault guard (D)
  An ice dragon (D)
  A merfolk aquamancer (D)
  A centaur warrior (D)
  2 two-headed ogres (D)
  A hell hog (D)
  Erica (D)
  A death yak (D)
  An ogre mage (D)
  A skeletal warrior (D)
  A deep troll (D)
  4 harpies (D)
  2 deep elf magi (D)
  A manticore (D)
  A cyclops (D)
  3 elephants (D)
  An eye of devastation (D)
  An orange demon (D)
  A gargoyle (D)
  3 ice devils (D)
  A rime drake (D)
  A hellwing (D)
  A freezing wraith (D)
  A red devil (D)
  2 jumping spiders (D)
  A hornet (D)
  A hippogriff (D)
  4 dream sheep (D)
  A wandering mushroom (D)
  2 bog bodies (D)
  2 flying skulls (D)
  A shadow (D)
  3 water elementals (D)
  9 redbacks (D)
  2 tarantellas (D)
  4 yaks (D)
  3 vampire mosquitoes (D)
  A fire elemental (D)
  Menkaure (D)
  2 steam dragons (D)
  A soldier ant (D)
  A water moccasin (D)
  2 floating eyes (D)
  A black bear (D)
  A sky beast (D)
  2 phantoms (D)
  4 wolves (D)
  2 big kobolds (D)
  A small abomination (D)
  2 gnoll sergeants (D)
  6 killer bees (D)
  A quasit (D)
  2 orc priests (D)
  A gnoll shaman (D)
  2 orc wizards (D)
  A worker ant (D)
  Ijyb (D)
  2 adders (D)
  12 gnolls (D)
  A river rat (D)
  An ufetubus (D)
  6 orcs (D)
  A giant cockroach (D)
  2 hobgoblins (D)
  A quokka (D)
  A frilled lizard (D)
  A goblin (D)
  A kobold (D)
  A quokka zombie (D)
  2 rats (D)
142 creatures vanquished.

Vanquished Creatures (collateral kills)
  A frilled lizard (D)
1 creature vanquished.

Vanquished Creatures (others)
  A merfolk (D)
1 creature vanquished.

Grand Total: 144 creatures vanquished

Notes
Turn   | Place    | Note
-------+----------+-------------------------------------------
     0 | D        | Kidiri the Draconian Transmuter began the quest for the Orb.
     0 | D        | Reached XP level 1. HP: 16/16 MP: 3/3
    45 | D        | Reached skill level 2 in Fighting
    45 | D        | Reached skill level 1 in Stealth
    45 | D        | Reached XP level 2. HP: 4/24 MP: 2/5
    73 | D        | Learned a level 2 spell: Sticks to Snakes
    82 | D        | Found a bloodstained altar of Trog.
    82 | D        | Found a deep blue altar of Sif Muna.
    82 | D        | Found a viscous altar of Jiyva.
    82 | D        | Found a hazy altar of Hepliaklqana.
    82 | D        | Found an opulent altar of Gozag.
    83 | D        | Found a glowing golden altar of the Shining One.
    83 | D        | Found a glowing silver altar of Zin.
    83 | D        | Found a basalt altar of Yredelemnul.
    83 | D        | Found a shimmering altar of Xom.
    83 | D        | Found an ornate altar of the Wu Jian Council.
    83 | D        | Found a sacrificial altar of Ru.
    83 | D        | Found a stormy altar of Qazlal.
    83 | D        | Found an iron altar of Okawaru.
    83 | D        | Found a sparkling altar of Nemelex Xobeh.
    83 | D        | Found a burning altar of Makhleb.
    83 | D        | Found a blossoming altar of Fedhas.
    83 | D        | Found a white marble altar of Elyvilon.
    83 | D        | Found a shadowy altar of Dithmenos.
    83 | D        | Found a snail-covered altar of Cheibriados.
    85 | D        | Found a radiant altar of Vehumet.
    85 | D        | Found a corrupted altar of Lugonu.
    85 | D        | Found a roughly hewn altar of Beogh.
    86 | D        | Found a hide-covered altar of Uskayaw.
    86 | D        | Found an ancient bone altar of Kikubaaqudgha.
    86 | D        | Found a shattered altar of Ashenzari.
    92 | D        | Became a worshipper of the Wu Jian Council
   490 | D        | Reached * piety under Wu Jian
   506 | D        | Noticed a floating eye
   506 | D        | Noticed a flying skull
   515 | D        | Killed a floating eye
   515 | D        | Reached skill level 4 in Fighting
   515 | D        | Reached XP level 3. HP: 33/33 MP: 5/8
   515 | D        | Reached XP level 4. HP: 40/40 MP: 6/10
   517 | D        | Reached ** piety under Wu Jian
   524 | D        | Killed a flying skull
   524 | D        | Reached skill level 5 in Fighting
   524 | D        | Reached skill level 5 in Dodging
   524 | D        | Reached skill level 5 in Spellcasting
   524 | D        | Reached skill level 5 in Transmutations
   524 | D        | Reached XP level 5. HP: 47/50 MP: 2/12
   524 | D        | Reached XP level 6. HP: 53/57 MP: 2/13
   538 | D        | Learned a level 3 spell: Spider Form
   544 | D        | Learned a level 5 spell: Blade Hands
   549 | D        | Learned a level 4 spell: Ice Form
   634 | D        | Reached skill level 6 in Fighting
   775 | D        | Noticed a floating eye
   776 | D        | Paralysed by a floating eye for 4 turns
   777 | D        | Noticed Ijyb
   796 | D        | Paralysed by a floating eye for 3 turns
   807 | D        | Reached *** piety under Wu Jian
   809 | D        | Reached skill level 1 in Ice Magic
   809 | D        | Reached skill level 1 in Poison Magic
   812 | D        | Killed Ijyb
   812 | D        | Paralysed by a floating eye for 2 turns
   816 | D        | Paralysed by a floating eye for 3 turns
   822 | D        | Reached **** piety under Wu Jian
   827 | D        | Killed a floating eye
  1175 | D        | Noticed a rime drake
  1178 | D        | Killed a rime drake
  1178 | D        | Reached ***** piety under Wu Jian
  1178 | D        | Reached skill level 7 in Fighting
  1178 | D        | Your scales start taking on a pale cyan-grey colour.
  1178 | D        | Reached XP level 7. HP: 66/66 MP: 10/16
  1321 | D        | Noticed a flying skull
  1329 | D        | Killed a flying skull
  1329 | D        | Reached skill level 5 in Stealth
  1329 | D        | Reached XP level 8. HP: 54/74 MP: 12/18
  1337 | D        | Reached skill level 8 in Fighting
  1502 | D        | Gained mutation: Potions are less effective at restoring your health. [potion of mutation]
  1502 | D        | Gained mutation: You have sharp toenails. [potion of mutation]
  1502 | D        | Gained mutation: You are resistant to electric shocks. (rElec) [potion of mutation]
  1594 | D        | Reached skill level 9 in Fighting
  1817 | D        | Noticed a deep troll
  1818 | D        | Killed a deep troll
  1818 | D        | Reached XP level 9. HP: 84/84 MP: 15/21
  1852 | D        | Noticed a red devil
  1855 | D        | Reached ****** piety under Wu Jian
  1874 | D        | Killed a red devil
  2101 | D        | Noticed a jumping spider
  2103 | D        | Killed a jumping spider
  2103 | D        | Reached skill level 10 in Fighting
  2107 | D        | Reached skill level 5 in Ice Magic
  2107 | D        | Reached skill level 5 in Poison Magic
  2133 | D        | Noticed Erica
  2136 | D        | Killed Erica
  2136 | D        | Reached skill level 10 in Unarmed Combat
  2136 | D        | Reached XP level 10. HP: 94/94 MP: 21/23
  2137 | D        | Reached skill level 10 in Transmutations
  2142 | D        | Noticed an elephant
  2151 | D        | Killed an elephant
  2287 | D        | Noticed a nagaraja
  2287 | D        | Noticed an eye of devastation
  2288 | D        | Reached skill level 11 in Fighting
  2300 | D        | Killed a nagaraja
  2300 | D        | Reached skill level 10 in Dodging
  2300 | D        | Reached skill level 10 in Spellcasting
  2308 | D        | HP: 3/97 [disintegration (29)]
  2310 | D        | Killed an eye of devastation
  2682 | D        | Noticed Menkaure
  2682 | D        | Noticed a deep elf mage
  2684 | D        | Noticed a manticore
  2685 | D        | Noticed a centaur warrior
  2685 | D        | Killed a deep elf mage
  2685 | D        | Reached XP level 11. HP: 104/104 MP: 19/25
  2685 | D        | Killed Menkaure
  2688 | D        | Reached skill level 12 in Fighting
  2695 | D        | Killed a centaur warrior
  3332 | D        | Noticed a death yak
  3343 | D        | Killed a death yak
  3480 | D        | Noticed a vampire knight
  3481 | D        | Paralysed by a vampire knight for 2 turns
  3490 | D        | Killed a vampire knight
  3490 | D        | Reached skill level 13 in Fighting
  3500 | D        | Noticed a death cob
  3505 | D        | Killed a death cob
  3505 | D        | Reached XP level 12. HP: 34/115 MP: 25/27
  3960 | D        | Noticed an ice dragon
  3960 | D        | Noticed a vault guard
  3965 | D        | Noticed a lorocyproca
  3967 | D        | Killed an ice dragon
  3969 | D        | Killed a lorocyproca
  3974 | D        | Killed a vault guard
  4006 | D        | Got the cursed +0 robe "Tepsunki" {Slay+2}
  4226 | D        | Noticed a merfolk aquamancer
  4227 | D        | Noticed a storm dragon
  4235 | D        | Killed a storm dragon
  4235 | D        | Reached skill level 14 in Fighting
  4236 | D        | Noticed a hell hog
  4241 | D        | Killed a hell hog
  4242 | D        | Killed a merfolk aquamancer
  4251 | D        | Noticed Nessos
  4252 | D        | Killed Nessos
  4259 | D        | Noticed a two-headed ogre
  4262 | D        | Reached skill level 10 in Stealth
  4262 | D        | Killed a two-headed ogre
  4266 | D        | Noticed an ogre mage
  4277 | D        | Noticed a vampire knight
  4280 | D        | Killed an ogre mage
  4280 | D        | Reached XP level 13. HP: 42/125 MP: 23/29
  4282 | D        | Killed a vampire knight
  4286 | D        | Reached skill level 15 in Fighting
  4291 | D        | Mangled by a two-headed ogre

Vault maps used:
D:        pitsprint

Skill      XL: |  1  2  3  4  5  6  7  8  9 10 11 12 13 |
---------------+----------------------------------------+-----
Fighting       | 2 4 5 7 9 10 11 13 14 15 | 15.1
Dodging        | 2 3 5 6 8 9 10 11 12 13 | 13.1
Stealth        | 1 2 3 4 5 6 7 9 10 | 10.2
Unarmed Combat | 4 6 7 9 10 11 12 14 | 14.2
Spellcasting   | 4 5 6 8 9 10 11 12 13 | 13.1
Transmutations | 4 5 7 9 11 12 13 14 | 14.1
Ice Magic      | 2 4 5 6 7 9 |  9.4
Poison Magic   | 2 3 4 5 6 8 9 |  9.5

Action                   |  1- 3 |  4- 6 |  7- 9 | 10-12 | 13-15 || total
-------------------------+-------+-------+-------+-------+-------++-------
Melee: Unarmed           |    38 |    34 |    58 |   178 |     9 ||   317
       Kick              |     8 |     1 |     1 |    41 |     4 ||    55
       Tailslap          |     2 |     2 |       |    16 |     3 ||    23
       Headbutt          |     2 |       |       |       |       ||     2
       Punch             |       |       |     1 |     8 |     1 ||    10
Throw: Stone             |       |       |       |     4 |       ||     4
 Cast: Beastly Appendage |     5 |     1 |       |       |       ||     6
       Sticks to Snakes  |       |     2 |       |       |       ||     2
       Blade Hands       |       |     3 |     5 |     9 |       ||    17
       Spider Form       |       |     3 |       |       |       ||     3
       Ice Form          |       |       |     1 |       |       ||     1
Invok: Serpent's Lash    |       |       |     3 |     4 |     1 ||     8
       Heavenly Storm    |       |       |     2 |     6 |     1 ||     9
 Abil: Breathe Steam     |       |       |     3 |     4 |       ||     7
  Use: Potion            |     1 |     3 |     4 |     8 |       ||    16
       Scroll            |       |       |       |     1 |       ||     1
 Stab: Sleeping          |     1 |       |     8 |     4 |       ||    13
  Eat: Chunk             |       |     2 |     6 |     4 |       ||    12
       Fruit             |       |       |       |    11 |       ||    11
Armor: Skin              |     3 |    11 |    10 |    19 |       ||    43
Dodge: Dodged            |    15 |    20 |    59 |   158 |     2 ||   254

Table legend:
 A = Spawn XP
 B = Non-spawn XP
 C = Spawn XP percentage of total XP
 D = Spawn monster count
 E = Non-spawn monster count
 F = Spawn count percentage of total count
 G = Total turns spent on level
                    A         B        C        D         E        F      G
               +---------+---------+-------+---------+---------+-------+---------
         Total |       0 |   42168 |   0.0 |       0 |     143 |   0.0 |  4291
               +---------+---------+-------+---------+---------+-------+---------
             D |       0 |   42168 |   0.0 |       0 |     143 |   0.0 |  4291
               +---------+---------+-------+---------+---------+-------+---------
